 Dungeon Crawl Stone Soup version 0.30-a0-728-gc68057be0a (webtiles) character file.

Game seed: 2175824519969562827

644 Hubris850 the Caller (level 7, -4/36 HPs)
             Began as a Tengu Summoner on Jan 31, 2023.
             Was a Follower of Sif Muna.
             Slain by an ice beast (10 damage)
             ... on level 5 of the Dungeon.
             The game lasted 00:14:14 (3944 turns).

Hubris850 the Caller (Tengu Summoner)               Turns: 3944, Time: 00:14:15

Health: -4/36      AC:  7    Str:  8    XL:     7   Next: 52%
Magic:  24/24      EV: 14    Int: 18    God:    Sif Muna [*.....]
Gold:   221        SH:  0    Dex: 14    Spells: 7/16 levels left

rFire   . . .      SeeInvis .    E - +0 hand axe (elec)
rCold   . . .      Faith    +    (no shield)
rNeg    . . .      Spirit   .    m - +0 leather armour {rPois}
rPois   +          Reflect  .    (helmet restricted)
rElec   .          Harm     .    t - +2 cloak
rCorr   .          Rampage  .    i - +0 pair of gloves
Will    .....                    (boots unavailable)
Stlth   ++                       u - amulet of faith
HPRegen 0.26/turn                I - ring of magical power
MPRegen 0.19/turn                (no ring)

@: flying quickly and evasively, quick
A: beak, talons 3, nimble flight
a: Renounce Religion, Channel Magic


You were on level 5 of the Dungeon.
You worshipped Sif Muna.
Sif Muna was aware of your devotion.
You visited 2 branches of the dungeon, and saw 6 of its levels.

You collected 221 gold pieces.

Inventory:

Hand Weapons
 c - a +0 club
 e - a +0 dagger
 j - a +0 spear
 z - a +2 quarterstaff of chaos
 E - a +0 hand axe of electrocution (weapon)
Missiles
 f - a throwing net
 x - 11 poisoned darts
 G - 6 boomerangs
 J - 2 curare-tipped darts
Armour
 a - a +0 robe
 i - a +0 pair of gloves (worn)
 m - a +0 leather armour of poison resistance (worn)
 s - a +0 buckler
 t - a +2 cloak (worn)
Jewellery
 u - an amulet of faith (around neck)
 y - a ring of poison resistance
 I - a ring of magical power (left hand)
Scrolls
 k - 6 scrolls of identify {unknown}
 n - a scroll of brand weapon {unknown}
 p - a scroll of magic mapping {unknown}
 r - 3 scrolls of teleportation {unknown}
 v - a scroll of silence {unknown}
 B - a scroll of immolation {unknown}
 D - a scroll of fear {unknown}
 F - a scroll of enchant armour {unknown}
 K - a scroll of vulnerability {unknown}
Potions
 b - a potion of magic
 d - 2 potions of might {unknown}
 g - a potion of berserk rage {unknown}
 h - 3 potions of lignification {unknown}
 l - 2 potions of haste {unknown}
 o - 3 potions of attraction {unknown}
 q - 3 potions of flight {unknown}
 w - a potion of degeneration {unknown}
 A - a potion of resistance {unknown}
 C - 2 potions of curing {unknown}
 H - a potion of heal wounds {unknown}


   Skills:
 - Level 3.5 Dodging
 - Level 3.0 Stealth
 + Level 5.0 Spellcasting
 + Level 7.8 Summonings


You had 7 spell levels left.
You knew the following spells:

 Your Spells              Type           Power      Damage    Failure   Level
a - Summon Small Mammal   Summ           100%       N/A       1%          1
b - Call Imp              Summ           32%        N/A       1%          2
c - Call Canine Familiar  Summ           32%        N/A       2%          3
d - Summon Guardian Gole  Hex/Summ       18%        N/A       12%         3

Your spell library contained the following spells:

 Spells                   Type           Power      Damage    Failure   Level
 Apportation              Tloc           8%         N/A       19%         1
 Necrotise                Necr           16%        1d4       19%         1
 Summon Lightning Spire   Summ/Air       18%        N/A       36%         4
 Borgnjor's Revivificati  Necr           2%         N/A       100%        8
 Necromutation            Tmut/Necr      2%         N/A       100%        8
 Death's Door             Necr           2%         N/A       100%        9


Dungeon Overview and Level Annotations

Branches:
Dungeon (5/15)             Temple (1/1) D:4

Altars:
Cheibriados
Dithmenos
Hepliaklqana
Makhleb
Nemelex Xobeh
Okawaru
Qazlal
Ru
Sif Muna
Trog
Uskayaw
Vehumet
Wu Jian
Xom
Yredelemnul
The Shining One


Innate Abilities, Weirdness & Mutations

You have a beak for a mouth.
You have claws for feet.
Your magical nature lets you fly swiftly and evasively.


Message History

You can now call upon Sif Muna for magical energy.
Reactivating autopickup.
You feel a bit more experienced. The ice beast barely misses you.
Your hound bites the ice beast.
Your Spellcasting skill increases to level 5!
You hit the ice beast but do no damage.
Lightning courses through the ice beast!
The ice beast is heavily wounded.
Your hound bites the ice beast but does no damage.
The ice beast closely misses you.
Your hound barely misses the ice beast.
You closely miss the ice beast.
The ice beast is heavily wounded.
Your hound bites the ice beast but does no damage.
The ice beast hits you but does no damage.
Your hound bites the ice beast.
The ice beast hits you but does no damage.
Your crimson imp hits the ice beast.
You hit the ice beast but do no damage.
You claw the ice beast, but do no damage.
You peck the ice beast, but do no damage.
The ice beast is heavily wounded.
Your hound misses the ice beast. The ice beast barely misses you.
Your crimson imp hits the ice beast but does no damage.
Your hound bites the ice beast.
You closely miss the ice beast. You claw the ice beast.
The ice beast is almost dead.
Your hound bites the ice beast but does no damage.
Your crimson imp hits the ice beast.
The ice beast hits your hound. The ice beast freezes your hound!
Your hound dies!
Your hound's corpse disappears in a puff of smoke!
You closely miss the ice beast. Your kick misses the ice beast.
The ice beast is almost dead.
Your crimson imp closely misses the ice beast.
The ice beast misses you.
Your crimson imp closely misses the ice beast.
The ice beast hits you.
* * * LOW HITPOINT WARNING * * *
The ice beast freezes you!
You die...

##### #.. #...# ###...
###...###...# ##.
...........####....
#.........#....#.#
#.###...........#.....
#...)@)...............
......§Y........#.......
......5.?...............
........................
...................#####
..............##....###
..>...........##......##
............###.........
......#..............


You could see an ice beast (ally target) and a friendly crimson imp (summoned).

Vanquished Creatures
  A jelly (D:4)
  An orc priest (D:3)
  Crazy Yiuf (D:2)
  A hound (D:4)
  An iguana (D:4)
  5 orc wizards
  3 adders
  An ufetubus (D:4)
  A worm (D:4)
  2 dart slugs
  5 orcs
  9 bats
  7 endoplasms
  4 giant cockroaches
  6 goblins
  7 hobgoblins
  5 jackals
  2 quokkas
  2 ball pythons
  2 frilled lizards (D:1)
  5 kobolds
  11 rats
82 creatures vanquished.

Vanquished Creatures (collateral kills)
  An ice beast (D:5)
  2 orc priests
  2 orc wizards
  Terence (D:2)
  An adder (D:3)
  A shadow imp (D:5)
  4 orcs
  A ball python (D:2)
  2 endoplasms
  A giant cockroach (D:3)
  4 hobgoblins
  A kobold (D:1)
  2 frilled lizards (D:1)
  A rat (D:1)
24 creatures vanquished.

Vanquished Creatures (others)
  A plant (D:5)
1 creature vanquished.

Grand Total: 107 creatures vanquished

Notes
Turn   | Place    | Note
-------+----------+-------------------------------------------
     0 | D:1      | Hubris850 the Tengu Summoner began the quest for the Orb.
     0 | D:1      | Reached XP level 1. HP: 10/10 MP: 4/4
   120 | D:1      | Reached XP level 2. HP: 15/15 MP: 4/6
   246 | D:1      | Reached skill level 5 in Summonings
   271 | D:1      | Learned a level 2 spell: Call Imp
   789 | D:1      | Reached XP level 3. HP: 19/19 MP: 7/7
   793 | D:1      | Learned a level 3 spell: Call Canine Familiar
  1150 | D:2      | Noticed Terence
  1179 | D:2      | Killed Terence
  1183 | D:2      | Reached XP level 4. HP: 19/24 MP: 1/8
  1729 | D:2      | Found a runed translucent door.
  1730 | D:2      | Noticed Crazy Yiuf
  1744 | D:2      | Killed Crazy Yiuf
  2150 | D:2      | Gained mutation: Your magical nature lets you fly swiftly
                  | and evasively. [Tengu growth]
  2150 | D:2      | Reached XP level 5. HP: 28/28 MP: 10/10
  2469 | D:3      | Reached skill level 6 in Summonings
  2870 | D:3      | Reached XP level 6. HP: 4/32 MP: 12/12
  3133 | D:4      | Learned a level 3 spell: Summon Guardian Golem
  3286 | D:4      | Found a staircase to the Ecumenical Temple.
  3301 | Temple   | Entered the Ecumenical Temple
  3403 | Temple   | Became a worshipper of Sif Muna the Loreminder
  3588 | D:4      | Found a glowing golden altar of the Shining One.
  3588 | D:4      | Found a faded altar of an unknown god.
  3596 | D:4      | Found a sparkling altar of Nemelex Xobeh.
  3598 | D:4      | Found a faded altar of an unknown god.
  3600 | D:4      | Found a burning altar of Makhleb.
  3730 | D:4      | Reached skill level 7 in Summonings
  3870 | D:5      | Entered Level 5 of the Dungeon
  3887 | D:5      | Reached XP level 7. HP: 25/36 MP: 14/14
  3939 | D:5      | Reached * piety under Sif Muna
  3940 | D:5      | Reached skill level 5 in Spellcasting
  3944 | D:5      | Slain by an ice beast

Illustrated notes

Levels and vault maps discovered:
D:1:      ebering_trefoil_3fold, layout_loops_corners
D:2:      layout_loops_corners, kennysheep_potato, uniq_crazy_yiuf_cottage,
          uniq_terence
D:3:      layout_basic
D:4:      layout_gridville, chequers_temple_overflow_minitemple,
          minmay_temple_entry_mini_moons, nrook_loot_triangle
D:5:      layout_rooms, kennysheep_big_empty_room, serial_bayou_pond_c,
          uniq_pikel
Temple:   nicolae_temple_bog_church

Skill      XL: |  1  2  3  4  5  6  7 |
---------------+----------------------+-----
Summonings     | 5 6 7 |  7.8
Dodging        | 3 |  3.5
Stealth        | 3 |  3.0
Spellcasting   | 3 4 5 |  5.0

Action                     |  1- 3 |  4- 6 |  7- 9 || total
---------------------------+-------+-------+-------++-------
  Melee: Peck              |    13 |    17 |     5 ||    35
         Club              |     1 |       |       ||     1
         Unarmed           |     1 |       |       ||     1
         Spear             |    51 |    36 |       ||    87
         Kick              |     8 |    31 |     4 ||    43
         Dagger            |     7 |       |       ||     7
         Quarterstaff      |       |    30 |       ||    30
         Punch             |       |     2 |       ||     2
         Hand axe          |       |    72 |    16 ||    88
   Cast: Summon Small Mamm |    13 |     2 |     2 ||    17
         Call Canine Famil |     2 |     7 |       ||     9
         Call Imp          |     1 |     4 |       ||     5
   Stab: Sleeping          |     6 |    13 |       ||    19
         Distracted        |       |       |     1 ||     1
 Armour: Robe              |     8 |       |       ||     8
         Leather armour    |     3 |    59 |     5 ||    67
  Dodge: Dodged            |    31 |    85 |    12 ||   128

Table legend: (Time is in decaauts)
 A = Elapsed time spent in this place.
 B = Non-inter-level travel time spent in this place.
 C = Inter-level travel time spent in this place.
 D = Time resting spent in this place.
 E = Time spent auto-exploring this place.
 F = Levels seen in this place.
 G = Mean time per level.
                   A        B        C        D        E       F      G
               +--------+--------+--------+--------+--------+-----+--------+
         Total |   3854 |   3715 |    139 |    171 |   2558 |   6 |  642.3 |
       Dungeon |   3751 |   3618 |    133 |    171 |   2558 |   5 |  750.2 |
        Temple |    103 |     98 |      5 |      0 |      0 |   1 |  103.0 |
               +--------+--------+--------+--------+--------+-----+--------+

Top non-repeatable levels by time:
     D:2: 1145 daAuts
     D:1: 1137 daAuts
     D:3: 798 daAuts
     D:4: 594 daAuts
  Temple: 103 daAuts
     D:5: 75 daAuts
